 Dungeon Crawl Stone Soup version 0.29-a0-802-g34511f41fd (webtiles) character file.

Game seed: 13357342705013803990

96 HoaS the Cudgeller (level 4, 0/48 HPs)
             Began as an Ogre Berserker on July 3, 2022.
             Was a Believer of Trog.
             Slain by an orc wizard
             ... wielding a +0 dagger
              (1 damage)
             ... on level 3 of the Dungeon.
             The game lasted 00:04:25 (2674 turns).

HoaS the Cudgeller (Ogre Berserker)                 Turns: 2674, Time: 00:04:25

Health: 0/48       AC:  4    Str: 21    XL:     4   Next: 67%
Magic:  4/4        EV: 10    Int:  8    God:    Trog [**....]
Gold:   79         SH:  0    Dex: 10    Spells: 3/3 levels left

rFire   . . .      SeeInvis .   a - +0 mace
rCold   . . .      Faith    .   (no shield)
rNeg    . . .      Spirit   .   b - +1 animal skin
rPois   .          Reflect  .   (helmet restricted)
rElec   .          Harm     .   (no cloak)
rCorr   .          Rampage  .   (gloves unavailable)
Will    .....                   (boots unavailable)
Stlth   +.........              (no amulet)
HPRegen 0.16/turn               (no ring)
MPRegen 0.09/turn               (no ring)

@: on berserk cooldown, slowed, very slow
A: large, unfitting armour, tough skin 1
a: Renounce Religion, Berserk, Trog's Hand


You were on level 3 of the Dungeon.
You worshipped Trog.
Trog was pleased with you.
You visited 1 branch of the dungeon, and saw 3 of its levels.

You collected 79 gold pieces.

Inventory:

Hand Weapons
 a - a +0 mace (weapon)
Armour
 b - a +1 animal skin (worn)
Scrolls
 m - a scroll of poison {unknown}
Potions
 d - 4 potions of curing
 j - a potion of mutation


   Skills:
 - Level 4.0 Fighting
 + Level 4.8 Maces & Flails
 - Level 2.6 Dodging


You had 3 spell levels left.
You didn't know any spells.
Your spell library was empty.

Dungeon Overview and Level Annotations

Branches:
Dungeon (3/15)

Altars:
Uskayaw

Shops:
D:1 :=[[


Innate Abilities, Weirdness & Mutations

You are too large for most types of armour.
You have tough skin. (AC +1)


Message History

The orc barely misses you. The kobold hits you with a +0 club.
* * * LOW HITPOINT WARNING * * *
You sock the adder!
The adder is almost dead.
The adder barely misses you.
You sock the adder!
You kill the adder!
Trog accepts your kill. The orc hits you with a +0 hand axe.
* * * LOW HITPOINT WARNING * * *
The rat bites you but does no damage. The kobold hits you with a +0 club.
* * * LOW HITPOINT WARNING * * *
You are no longer berserk.
You are exhausted.
You feel yourself slow down.
Your hearing returns.
The rat misses you.
You see here an adder corpse.
You hit the orc but do no damage. The rat bites you but does no damage.
The orc hits you but does no damage. The rat bites you but does no damage.
The orc barely misses you.
You closely miss the orc. The orc hits you with a +0 hand axe.
* * * LOW HITPOINT WARNING * * *
The rat completely misses you.
You hit the orc but do no damage. The rat bites you.
* * * LOW HITPOINT WARNING * * *
The orc hits you with a +0 hand axe.
* * * LOW HITPOINT WARNING * * *
The rat closely misses you. The orc barely misses you.
You hit the orc.
The orc is lightly wounded.
The rat barely misses you. The orc barely misses you.
The rat bites you but does no damage. The orc barely misses you.
You hit the orc.
You kill the orc!
Trog accepts your kill.
The rat bites you but does no damage. x2
Something hits you but does no damage.
You miss something. Something hits you.
You die...

*,,,,,,,,,,,,+,,,,,+,,,,,
*,.......*****,,,,,*****,
*,,......,,,,,,,,,,,,,,,,
********####....#####*,,,,,******
,,,,,,,,............>,,,,,,******
,,,,,,,,,..........,,,,,,,,,,,,,,
*******,,,,#.....#,*,*,**********
*,,,,#.....#,,,,,,,*
*,,,,#...r@#,,,,,*,*
*****###+#)#**,,,*,*
****,#Ko......,*
*,,,,.oo.....#*********
*,,,..........,,,,,,,,,
*,,...........*********
*,.....##...#.,* *.$....#*...#,,*
####+#.#*...#,,*


You could see 3 orcs, a kobold and a rat.

Vanquished Creatures
  6 adders
  An orc (D:3)
  9 endoplasms
  A giant cockroach (D:2)
  3 quokkas
  7 ball pythons
  4 bats
  4 frilled lizards
  7 kobolds
  4 rats
46 creatures vanquished.

Notes
Turn   | Place    | Note
-------+----------+-------------------------------------------
     0 | D:1      | HoaS the Ogre Berserker began the quest for the Orb.
     0 | D:1      | Reached XP level 1. HP: 24/24 MP: 1/1
   120 | D:1      | Found Teolanea's Antique Armour Boutique.
   392 | D:1      | Reached XP level 2. HP: 30/32 MP: 2/2
   491 | D:1      | Found Ereiryir's Antique Armour Emporium.
   793 | D:1      | Found Reodit's Book Shop.
   819 | D:1      | Found Poduqoew's Jewellery Emporium.
  1098 | D:2      | Reached XP level 3. HP: 28/39 MP: 3/3
  1414 | D:2      | Found a hide-covered altar of Uskayaw.
  1713 | D:2      | Reached ** piety under Trog
  2125 | D:2      | Reached XP level 4. HP: 26/48 MP: 4/4
  2671 | D:3      | HP: 1/48 [orc/+0 hand axe (3)]
  2674 | D:3      | Slain by an orc wizard

Illustrated notes

Levels and vault maps discovered:
D:1:      zelgadis_glass_arrival_small, layout_loops_cross, serial_shops, shop,
          shop, shop, nicolae_shop_statue_plus, st_stairs_14
D:2:      layout_basic, basic_altar, minmay_heptomino_h4
D:3:      layout_basic, minmay_misc_feat_square

Skill      XL: |  1  2  3 |
---------------+----------+-----
Maces & Flails | 3 4 |  4.8
Fighting       | |  4.0
Dodging        | |  2.6

Action                   |  1- 3 |  4- 6 || total
-------------------------+-------+-------++-------
Melee: Mace              |   150 |    45 ||   195
  Use: Scroll            |       |     9 ||     9
       Potion            |       |     1 ||     1
 Stab: Sleeping          |       |     1 ||     1
Armor: Animal skin       |    46 |    30 ||    76
Dodge: Dodged            |    78 |    37 ||   115

Table legend: (Time is in decaauts)
 A = Elapsed time spent in this place.
 B = Non-inter-level travel time spent in this place.
 C = Inter-level travel time spent in this place.
 D = Time resting spent in this place.
 E = Time spent auto-exploring this place.
 F = Levels seen in this place.
 G = Mean time per level.
                   A        B        C        D        E       F      G
               +--------+--------+--------+--------+--------+-----+--------+
         Total |   2710 |   2655 |     55 |    972 |   1262 |   3 |  903.3 |
       Dungeon |   2710 |   2655 |     55 |    972 |   1262 |   3 |  903.3 |
               +--------+--------+--------+--------+--------+-----+--------+

Top non-repeatable levels by time:
     D:2: 1621 daAuts
     D:1: 1038 daAuts
     D:3: 50 daAuts
